 Dungeon Crawl Stone Soup version 0.29.1-1-gd02db6906a (webtiles) character file.

Game seed: 15038583895043543956

28 ImASeal the Shooter (level 3, -2/27 HPs)
             Began as a Human Hunter on Oct 18, 2022.
             Slain by Terence
             ... wielding a +0 mace
              (3 damage)
             ... on level 2 of the Dungeon.
             The game lasted 00:01:41 (1022 turns).

ImASeal the Shooter (Human Hunter)                  Turns: 1022, Time: 00:01:41

Health: -2/27      AC: 10    Str: 11    XL:     3   Next: 30%
Magic:  3/3        EV:  2    Int:  9    God:
Gold:   68         SH:  0    Dex: 18    Spells: 2/2 levels left

rFire   + . .      SeeInvis .   a - +0 shortbow
rCold   + . .      Faith    .   (shield currently unavailable)
rNeg    + . .      Spirit   .   h - +0 plate armour {rN+}
rPois   +          Reflect  .   (no helmet)
rElec   +          Harm     .   (no cloak)
rCorr   +          Rampage  .   (no gloves)
Will    .....                   (no boots)
Stlth   ..........              (no amulet)
HPRegen 0.09/turn               (no ring)
MPRegen 0.08/turn               (no ring)

@: resistant
A: no striking features
a: no special abilities


You were on level 2 of the Dungeon.
You visited 1 branch of the dungeon, and saw 2 of its levels.

You collected 68 gold pieces.

Inventory:

Hand Weapons
 a - a +0 shortbow (weapon)
Armour
 c - a +0 leather armour
 h - a +0 plate armour of positive energy (worn)
Scrolls
 b - 2 scrolls of immolation
 d - a scroll of magic mapping {unknown}
 f - 2 scrolls of blinking {unknown}
 j - a scroll of fear {unknown}
 k - a scroll of identify {unknown}
Potions
 g - a potion of berserk rage {unknown}
 i - a potion of magic {unknown}
 l - a potion of degeneration {unknown}


   Skills:
 - Level 2.0 Fighting
 + Level 5.0 Ranged Weapons
 + Level 0.1 Armour
 - Level 2.0 Dodging
 - Level 1.0 Stealth


You had 2 spell levels left.
You didn't know any spells.
Your spell library contained the following spells:

 Spells                   Type           Power      Damage    Failure   Level
 Borgnjor's Revivificati  Necr           0%         N/A       100%        8
 Necromutation            Tmut/Necr      0%         N/A       100%        8
 Death's Door             Necr           0%         N/A       100%        9


Dungeon Overview and Level Annotations

Branches:
Dungeon (2/15)

Altars:

Annotations:
D:2 Terence


Message History

No target in view!
No target in view!
No target in view!
You see here a giant cockroach corpse.
Done exploring.
Done exploring.
(D) Dungeon
Where to? (? - help)
You see here a giant cockroach corpse.
There is a stone staircase leading down here.
You climb downwards.
Terence shouts!
The frilled lizard hisses angrily.
Found a Young Poisoner's Handbook and a scroll labelled LEOTRALOAW.
There is a stone staircase leading up here.
There are monsters nearby!
You shoot an arrow. The arrow barely misses Terence.
The arrow hits the plant.
The plant begins to die.
The plant is lightly damaged.
Terence hits you but does no damage. x2
You shoot an arrow. The arrow hits Terence.
Terence is moderately wounded.
A nearby plant withers and dies.
Terence hits you but does no damage. Terence hits you with a +0 mace.
You shoot an arrow. The arrow hits Terence.
Terence is heavily wounded.
Terence hits you with a +0 mace. x2
You are too injured to fight recklessly!
Really attack while wielding your +0 shortbow?
You clumsily bash Terence but do no damage.
Terence is heavily wounded.
Terence hits you but does no damage. Terence hits you with a +0 mace.
* * * LOW HITPOINT WARNING * * *
You clumsily bash Terence but do no damage.
Terence is heavily wounded.
Terence hits you with a +0 mace!
* * * LOW HITPOINT WARNING * * *
It was a potion of resistance.
You feel protected. Terence hits you with a +0 mace.
You die...

## ?
# .#
#.
###.
..
#..
#.#.#
#.:@#
#.@##
#..
~~..
~~~♣#
..~P~
..~~
..P~


You could see Terence.

Vanquished Creatures
  2 dart slugs (D:1)
  2 ball pythons (D:1)
  4 bats (D:1)
  An endoplasm (D:1)
  A giant cockroach (D:1)
  4 goblins (D:1)
  3 hobgoblins (D:1)
  2 frilled lizards (D:1)
  4 rats (D:1)
23 creatures vanquished.

Vanquished Creatures (others)
  A plant (D:2)
1 creature vanquished.

Grand Total: 24 creatures vanquished

Notes
Turn   | Place    | Note
-------+----------+-------------------------------------------
     0 | D:1      | ImASeal the Human Hunter began the quest for the Orb.
     0 | D:1      | Reached XP level 1. HP: 16/16 MP: 1/1
   280 | D:1      | Reached XP level 2. HP: 22/22 MP: 2/2
   494 | D:1      | Found a faded altar of an unknown god.
   505 | D:1      | Reached XP level 3. HP: 26/27 MP: 3/3
   966 | D:1      | Reached skill level 5 in Ranged Weapons
  1016 | D:2      | Noticed Terence
  1021 | D:2      | HP: 1/27 [Terence/+0 mace (7)]
  1022 | D:2      | Slain by Terence

Illustrated notes

Levels and vault maps discovered:
D:1:      matt_arrival_debris, layout_basic,
          shapermc_ecumenical_altar_starsandcircs
D:2:      layout_loops_ring, serial_bayou, serial_bayou_ford_a,
          serial_bayou_lake_a, serial_bayou_pond_c, serial_bayou_lagoon_b,
          serial_bayou_pond_b, minmay_box_of_dots, uniq_terence

Skill      XL: |  1  2  3 |
---------------+----------+-----
Ranged Weapons | 5 |  5.0
Fighting       | |  2.0
Armour         | |  0.1
Dodging        | |  2.0
Stealth        | |  1.0

Action                   || total
-------------------------++-------
Melee: Shortbow          ||     2
 Fire: Shortbow          ||    51
  Use: Potion            ||     1
Armor: Plate armour      ||    21
Dodge: Dodged            ||     3
